 Dungeon Crawl Stone Soup version 0.14-a0-1817-gb992dfe (webtiles) character file.

66976 Herrn the Fighter (level 14, -2/136 HPs)
             Began as a Djinni Fighter on Jan 8, 2014.
             Was the Champion of Makhleb.
             Succumbed to a soldier ant's poison
             ... on Level 5 of the Lair of Beasts on Jan 9, 2014.
             The game lasted 03:49:27 (30585 turns).

Herrn the Fighter (Djinni Fighter)                 Turns: 30585, Time: 03:49:27

HP  -2/136       AC 19     Str 23      XL: 14   Next: 75%
MP   0/0         EV 14     Int  9      God: Makhleb [******]
Gold 1653        SH 26     Dex 15      Spells:  0 memorised, 13 levels left

rFire  + + +     SeeInvis .     f - +0,+5 scimitar (flame)
rCold  + + +     Clarity  .     a - +0 chain mail {rN+}
rNeg   + + +     Conserve .     v - +1 shield {rC+}
rPois  +         rCorr    .     y - +2 cap {rC+}
rElec  +         rRot     .     G - +0 elf cloak
SustAb . .       Spirit   .     (no gloves)
rMut   +         Warding  .     (boots unavailable)
Saprov . . .     Stasis   .     d - amulet of resist mutation
                                x - +6 ring of evasion
                                k - ring of protection from cold

@: mighty, flying, studying Fighting, very poisoned, somewhat resistant to
hostile enchantments, extremely unstealthy
A: fire immunity, cold vulnerability, rough black scales 1, high mp 1, life
protection 3, electricity resistance
a: Minor Destruction, Lesser Servant of Makhleb, Major Destruction, Greater
Servant of Makhleb, Renounce Religion


You were on level 5 of the Lair of Beasts.
You worshipped Makhleb.
Makhleb was exalted by your worship.
You were not hungry.

You visited 4 branches of the dungeon, and saw 20 of its levels.
You also visited: Ice Cave and Volcano.

You collected 1734 gold pieces.
You spent 81 gold pieces at shops.

Inventory:

Hand weapons
 f - a +0,+5 scimitar of flaming (weapon)
 C - a +4,+2 orcish scimitar of protection
Armour
 a - a +0 chain mail of positive energy (worn)
 g - a +0 mottled dragon hide
 o - a +0 shield of resistance
 v - a +1 shield of cold resistance (worn)
 y - a +2 cap of cold resistance (worn)
 G - a +0 elven cloak (worn)
Magical devices
 b - a wand of paralysis (12)
 l - a wand of lightning (3)
 p - a wand of lightning (2)
 q - a wand of teleportation (2)
 s - a wand of confusion (0)
 u - a wand of flame (12)
 w - a wand of random effects (15)
 z - a wand of magic darts (14) {unknown}
 B - a wand of hasting (6)
 D - a wand of teleportation (0)
 E - a wand of digging (10)
 L - a wand of polymorph (3)
Scrolls
 e - a scroll of recharging
Jewellery
 d - an amulet of resist mutation (around neck)
 i - an uncursed ring of ice {unknown}
 k - a ring of protection from cold (left hand)
 x - a +6 ring of evasion (right hand)
Potions
 j - 2 potions of agility
 m - a potion of restore abilities
 r - a potion of brilliance
Books
 h - a manual of Fighting


   Skills:
 * Level 13.5 Fighting
 + Level 10.9 Long Blades
 + Level 10.3 Armour
 + Level 8.3 Dodging
 + Level 10.6 Shields
 * Level 10.2 Invocations
 - Level 2.6 Evocations


You had 13 spell levels left.
You didn't know any spells.

Dungeon Overview and Level Annotations

Branches:
Dungeon (12/16)            Temple (1/1) D:4             Orc (0/4) D:12
   Lair (6/8) D:8           Swamp (1/5) Lair:3        Snake (0/5) Lair:5
  Slime: Lair:6-8

Altars:
Ashenzari
Makhleb
Trog
Vehumet
Yredelemnul

Shops:
D:7 *


Innate Abilities, Weirdness & Mutations

You are immune to all types of fire, even holy and hellish.
You are vulnerable to cold.
You need no food.
You have no legs.
You are immune to negative energy.
You are partially covered in rough black scales (AC +4, Dex -1).
You have an increased reservoir of magic (+10% MP).
You are resistant to electric shocks.


Message History

* * * LOW HITPOINT WARNING * * *
You feel extremely sick.
There is a stone staircase leading up here.
* * * LOW HITPOINT WARNING * * *
You feel very sick.
You fly upwards.
* * * LOW HITPOINT WARNING * * *
You feel extremely sick.
You feel a little better.
There is a stone staircase leading down here.
You feel protected.
* * * LOW HITPOINT WARNING * * *
You feel very sick.
Unknown command.
Unknown command.
* * * LOW HITPOINT WARNING * * *
You feel sick.
You feel a little better.
Unknown command.
You die...

##..#..........#
#..###.........###
##..#......?..P#.##
##.##.............###
#...##............#.####
###...#.#............#..#
##f..P####P............###
###..## ###............##
.....#### ###.)@........##
.......P# #............(##
P..##..##
##.###.........###
##.##### ### ##...f......#
### #...........##
#...>........##
#f#...........#
###...........#
#############


There were no monsters in sight!

Vanquished Creatures
  A frost giant (IceCv)
  Harold (D:10)
  Erica (Lair:4)
  5 death yaks (Lair:5)
  An alligator (Swamp:1)
  5 hydras
  A centaur warrior (D:8)
  A naga warrior (Lair:5)
  The ghost of timbw the Arsonist, an experienced LOFE of Sif Muna (D:12)
  An unseen horror (D:11)
  An ice statue (IceCv)
  A lindwurm (Volcano)
  Pikel (D:5)
  3 hill giants
  A wolf spider (D:8)
  10 elephants
  3 octopodes (D:10)
  2 griffons (Lair:6)
  5 spiny frogs
  A queen ant (Lair:6)
  6 fire drakes (Lair:6)
  Grinder (D:5)
  A polar bear (shapeshifter) (D:12)
  3 komodo dragons
  17 polar bears (IceCv)
  2 trolls
  Prince Ribbit (D:6)
  6 slime creatures (D:12)
  9 basilisks
  6 redbacks (Lair:6)
  55 yaks
  3 steam dragons
  A vampire (D:12)
  Eustachio (D:9)
  A shark (Lair:6)
  4 wyverns
  4 vampire mosquitoes (D:12)
  18 fire bats (Volcano)
  A molten gargoyle (Volcano)
  12 hippogriffs
  3 hungry ghosts
  A clay golem (Volcano)
  A deep elf fighter (D:8)
  5 mottled dragons
  3 necrophages
  Edmund (D:5)
  9 manticores
  Menkaure (D:6)
  10 wolves
  5 ice beasts
  2 swamp worms (Lair:3)
  12 soldier ants (Lair:6)
  2 slaves (D:4)
  7 porcupines
  A black bear (D:10)
  6 nagas (Lair:5)
  3 orc warriors
  2 yellow wasps
  3 giant goldfish
  7 ogres
  11 crocodiles
  3 phantoms
  4 centaurs
  A hill giant simulacrum (D:12)
  An elf zombie (D:8)
  5 giant slugs
  Blork the orc (D:5)
  10 water moccasins
  5 agate snails
  A gnoll sergeant (D:9)
  2 big kobolds
  15 giant frogs
  2 cyclops skeletons
  2 wights (D:8)
  A yak zombie (D:12)
  A troll zombie (D:8)
  17 killer bees
  2 troll skeletons
  6 lava snakes (Volcano)
  2 jellyfish (Lair:6)
  11 lava fish (Volcano)
  3 goliath beetles
  An electric eel (Lair:3)
  3 crimson imps (D:5)
  10 hounds
  2 giant frog zombies
  A quasit (D:9)
  4 big fish (Lair:3)
  3 human zombies (D:8)
  A giant frog skeleton (D:10)
  2 jellies
  9 orc wizards
  6 orc priests
  A two-headed ogre skeleton (D:12)
  A cyclops simulacrum (D:12)
  8 iguanas
  6 sheep
  30 worker ants
  6 scorpions
  Ijyb (D:7)
  An ogre zombie (D:8)
  A hound skeleton (D:4)
  Terence (D:3)
  2 mummies
  24 adders
  4 giant centipedes
  41 green rats
  A worker ant zombie (D:8)
  3 giant mites
  A goliath beetle zombie (D:9)
  3 worms
  A giant centipede zombie (D:11)
  4 giant eyeballs
  6 giant geckos
  42 orcs
  20 bats
  A bat skeleton (D:4)
  A bat zombie (D:5)
  12 goblins
  17 hobgoblins
  32 jackals
  2 oozes
  19 quokkas
  2 ball pythons
  2 giant cockroaches
  11 giant newts
  A goblin skeleton (D:4)
  A hobgoblin skeleton (D:8)
  19 kobolds
  An orc skeleton (D:7)
  An orc zombie (D:8)
  A quokka skeleton (D:8)
  36 rats
  4 ballistomycetes
  2 fungi
803 creatures vanquished.

Vanquished Creatures (collateral kills)
  The ghost of lorenz the Spear-Bearer, an experienced MfFi of Okawaru (D:9)
  A hill giant (D:12)
  A cyclops (D:12)
  5 centaurs (D:11)
  A cyclops zombie (D:12)
  A killer bee (D:12)
  A goliath beetle (D:11)
11 creatures vanquished.

Vanquished Creatures (others)
  Josephine (D:12)
  A fire drake (Lair:6)
  3 wights (D:12)
  A worker ant (D:7)
  An orc wizard (D:12)
  An orc (D:12)
  2 giant spores
  3 fungi (Lair:6)
  4 plants
17 creatures vanquished.

Grand Total: 831 creatures vanquished

Notes
Turn   | Place    | Note
--------------------------------------------------------------
     0 | D:1      | Herrn, the Djinni Fighter, began the quest for the Orb.
     0 | D:1      | Reached XP level 1. HP: 16/16 MP: 0/0
   355 | D:1      | Reached XP level 2. EP: 23/23
   737 | D:2      | Reached XP level 3. EP: 20/29
  1364 | D:3      | Reached skill level 4 in Fighting
  1364 | D:3      | Reached XP level 4. EP: 19/37
  1516 | D:3      | Noticed Terence
  1558 | D:3      | Killed Terence
  2245 | D:3      | Reached XP level 5. EP: 43/43
  2787 | D:4      | Noticed an ogre
  2876 | D:4      | Found a staircase to the Ecumenical Temple.
  2877 | D:4      | Noticed an ogre
  2886 | D:4      | Reached skill level 5 in Fighting
  2909 | D:4      | Killed an ogre
  2909 | D:4      | Reached XP level 6. EP: 20/51
  2924 | Temple   | Entered the Ecumenical Temple
  2935 | Temple   | Became a worshipper of Makhleb the Destroyer
  3416 | D:4      | Paralysed by a giant eyeball for 2 turns
  3431 | D:4      | Paralysed by a giant eyeball for 3 turns
  3435 | D:4      | Paralysed by a giant eyeball for 2 turns
  3954 | D:4      | Killed an ogre
  3954 | D:4      | Reached skill level 5 in Long Blades
  3954 | D:4      | Reached XP level 7. EP: 37/58
  3959 | D:4      | Acquired Makhleb's first power
  4472 | D:5      | Entered Level 5 of the Dungeon
  4472 | D:5      | Noticed Pikel
  4472 | D:5      | Noticed Blork the orc
  4643 | D:5      | Found a shattered altar of Ashenzari.
  4713 | D:5      | Noticed Edmund
  4816 | D:5      | Killed Edmund
  4816 | D:5      | Reached skill level 1 in Dodging
  4900 | D:5      | Noticed Grinder
  4908 | D:5      | Paralysed by Grinder for 2 turns
  4919 | D:5      | Killed Grinder
  4919 | D:5      | Reached skill level 6 in Fighting
  5201 | D:5      | Reached XP level 8. EP: 36/65
  5474 | D:5      | Killed Blork the orc
  5655 | D:5      | Killed Pikel
  5655 | D:5      | Reached skill level 7 in Fighting
  5655 | D:5      | Reached skill level 5 in Armour
  5655 | D:5      | Reached skill level 1 in Evocations
  5906 | D:6      | Noticed Menkaure
  5912 | D:6      | Killed Menkaure
  5940 | D:6      | Noticed Prince Ribbit
  5968 | D:6      | Killed Prince Ribbit
  6161 | D:6      | Paralysed by a giant eyeball for 2 turns
  6163 | D:6      | Acquired Makhleb's second power
  6163 | D:6      | Reached XP level 9. EP: 75/75
  6846 | D:7      | Reached skill level 1 in Invocations
  6861 | D:7      | Found Criace's Assorted Antiques.
  6869 | D:7      | Bought a potion of heal wounds for 81 gold pieces
  6914 | D:7      | Acquired Makhleb's third power
  7356 | D:7      | Reached skill level 8 in Fighting
  7480 | D:7      | Noticed Ijyb
  7502 | D:7      | Killed Ijyb
  7669 | D:7      | Found a radiant altar of Vehumet.
  7854 | D:7      | Found a bloodstained altar of Trog.
  8433 | D:8      | Acquired Makhleb's fourth power
  8495 | D:8      | Found a staircase to the Lair.
  8518 | D:8      | Reached skill level 9 in Fighting
  8783 | D:8      | Reached XP level 10. EP: 34/90
  9181 | D:8      | Found a basalt altar of Yredelemnul.
  9708 | D:9      | Acquired Makhleb's fifth power
  9815 | D:9      | Reached skill level 10 in Fighting
  9815 | D:9      | Reached skill level 5 in Shields
  9913 | D:9      | Noticed Eustachio
  9963 | D:9      | Killed Eustachio
 10179 | D:8      | Noticed a centaur warrior
 10356 | D:8      | Killed a centaur warrior
 10483 | D:8      | Noticed a wolf spider
 10512 | D:8      | Killed a wolf spider
 10512 | D:8      | Reached skill level 5 in Invocations
 10795 | D:9      | Noticed lorenz's ghost (experienced MfFi)
 10806 | D:9      | Killed lorenz's ghost
 11543 | D:9      | Reached XP level 11. EP: 91/99
 12016 | D:10     | Entered Level 10 of the Dungeon
 12373 | D:10     | Noticed Harold
 12398 | D:10     | Killed Harold
 13092 | D:10     | Reached skill level 5 in Dodging
 13408 | D:10     | Reached skill level 11 in Fighting
 14124 | D:10     | Paralysed by a yellow wasp for 3 turns
 14656 | D:11     | Killed an unseen horror
 14984 | D:11     | Noticed a hill giant
 15005 | D:11     | Killed a hill giant
 15118 | D:11     | Noticed a four-headed hydra
 15142 | D:11     | Killed a six-headed hydra
 15149 | D:11     | Reached XP level 12. EP: 56/110
 15560 | D:11     | Paralysed by a giant eyeball for 2 turns
 16300 | D:12     | Noticed Josephine
 16313 | D:12     | Killed Josephine
 16395 | D:12     | Noticed timbw's ghost (experienced LOFE)
 16417 | D:12     | Killed timbw's ghost
 18073 | D:12     | Noticed a four-headed hydra
 18085 | D:12     | Killed an eight-headed hydra
 18780 | D:12     | Found a staircase to the Orcish Mines.
 18780 | D:12     | Noticed Nessos
 18794 | D:12     | Noticed Nessos
 18794 | D:12     | Nessos changed into Nessos the glowing shapeshifter
 18795 | D:12     | Nessos the glowing shapeshifter changed into Nessos the boulder beetle
 19621 | D:10     | Noticed a hill giant
 19633 | D:10     | Killed a hill giant
 19926 | Lair:1   | Entered Level 1 of the Lair of Beasts
 20936 | Lair:2   | Found a frozen archway.
 20945 | IceCv    | Entered an ice cave
 21182 | IceCv    | Reached XP level 13. EP: 104/121
 21566 | IceCv    | Noticed a frost giant
 21609 | IceCv    | Killed a frost giant
 21609 | IceCv    | Reached skill level 12 in Fighting
 22310 | IceCv    | Paralysed by a potion of paralysis for 7 turns
 22317 | IceCv    | Gained mutation: You are resistant to electric shocks. [potion of beneficial mutation]
 22319 | IceCv    | Gained mutation: You are partially covered in rough black scales (AC +4, Dex -1). [potion of beneficial mutation]
 22320 | IceCv    | Gained mutation: You have an increased reservoir of magic (+10% MP). [potion of beneficial mutation]
 23128 | Lair:2   | Upgraded the game from 0.14-a0-1811-gdc2d5af to 0.14-a0-1817-gb992dfe
 23609 | Lair:3   | Found a staircase to the Swamp.
 24305 | Swamp:1  | Entered Level 1 of the Swamp
 24635 | Lair:4   | Noticed Erica
 24654 | Lair:4   | Killed Erica
 25234 | Lair:4   | Identified a scroll of acquirement
 25955 | Lair:5   | Reached XP level 14. EP: 133/133
 26251 | Lair:5   | Reached skill level 10 in Long Blades
 26584 | Lair:5   | Reached skill level 10 in Armour
 26843 | Lair:5   | Found a staircase to the Snake Pit.
 27286 | Lair:5   | Reached skill level 10 in Shields
 27458 | Lair:6   | Found a dark tunnel.
 27465 | Volcano  | Entered a volcano
 27842 | Volcano  | Reached skill level 13 in Fighting
 27928 | Volcano  | Found a radiant altar of Vehumet.
 28011 | Lair:6   | Reached skill level 10 in Invocations
 30582 | Lair:5   | HP: 4/136 [poisoned by a soldier ant]
 30584 | Lair:5   | HP: 1/136 [poisoned by a soldier ant]
 30585 | Lair:5   | Succumbed to a soldier ant's poison

Action                   |  1- 3 |  4- 6 |  7- 9 | 10-12 | 13-15 || total
-------------------------+-------+-------+-------+-------+-------++-------
Melee: Falchion          |   137 |    37 |       |       |       ||   174
       Long sword        |       |   187 |   262 |       |       ||   449
       Scimitar          |       |       |   419 |  1557 |  1752 ||  3728
Invok: Minor Destruction |       |       |     1 |     1 |       ||     2
       Major Destruction |       |       |       |    29 |    10 ||    39
       Greater Servant o |       |       |       |     3 |       ||     3
Evoke: Wand              |       |       |    10 |    10 |     1 ||    21
  Use: Scroll            |       |     1 |    11 |    13 |     8 ||    33
       Potion            |       |     6 |     2 |     6 |    14 ||    28
 Stab: Paralysed         |       |       |     5 |       |       ||     5
       Distracted        |       |       |       |     1 |       ||     1
